 Dungeon Crawl Stone Soup version 0.30-b1-2-g02819fbbbe (webtiles) character file.

Game seed: 5932359177228419064

92800 LLlMATKO the Warrior (level 15, -8/143 HPs)
             Began as a Minotaur Berserker on Dec 4, 2023.
             Was a High Priest of Trog.
             Mangled by a 14-headed hydra (11 damage)
             ... on level 1 of the Swamp.
             The game lasted 00:25:59 (25286 turns).

LLlMATKO the Warrior (Minotaur Berserker)          Turns: 25286, Time: 00:25:59

Health: -8/143     AC: 27    Str: 29    XL:     15   Next: 58%
Magic:  0/14       EV: 14    Int:  4    God:    Trog [*****.]
Gold:   1610       SH: 13    Dex: 16    Spells: 14/14 levels left

rFire   + + .        q - +0 war axe (heavy)
rCold   . . .        H - +0 kite shield of Dyspraxia {Rampage Will+++ Dex+6}
rNeg    . . .        s - +2 plate armour {rF+}
rPois   .            Q - +0 hat
rElec   .            u - +1 cloak
rCorr   .            A - +0 pair of gloves
SInv    .            W - +2 pair of boots {Stlth+}
Will    ++++.        y - amulet of guardian spirit Stlth
                     L - ring of flight
HPRegen 0.43/turn    t - ring of protection from fire
MPRegen 0.14/turn

%: guardian spirit, rampage
@: on berserk cooldown, flying, slowed, very slow
A: horns 2, retaliatory headbutt
a: Renounce Religion, Berserk, Trog's Hand, Brothers in Arms


You were on level 1 of the Swamp.
You worshipped Trog.
Trog was extremely pleased with you.
You visited 4 branches of the dungeon, and saw 22 of its levels.
You also visited: Ice Cave and Volcano.

You collected 2443 gold pieces.
You spent 833 gold pieces at shops.

Inventory:

Hand Weapons
 g - a +5 broad axe of flaming
 o - the +6 hand axe of the Fray {venom, rF+ rC+}
   (You found it on level 5 of the Lair of Beasts)

   rF:        It protects you from fire.
   rC:        It protects you from cold.
 q - a +0 heavy war axe (weapon)
 B - a +0 war axe
 V - a +2 hand crossbow of flaming
Missiles
 x - 26 poisoned darts (quivered)
 F - 4 throwing nets
Armour
 s - a +2 plate armour of fire resistance (worn)
 u - a +1 cloak (worn)
 A - a +0 pair of gloves (worn)
 H - the +0 kite shield of Dyspraxia (worn) {Rampage Will+++ Dex+6}
   (You bought it in a shop on level 2 of the Orcish Mines)

   Dex:       It affects your dexterity (+6).
   Rampage:   It bestows one free step when moving towards enemies.
   Will:      It greatly increases your willpower.
 K - +0 swamp dragon scales
 Q - a +0 hat (worn)
 W - a +2 pair of boots of stealth (worn)
Jewellery
 k - a ring of resist corrosion
 l - a +6 ring of dexterity
 m - a ring of fire
 p - a ring of ice
 t - a ring of protection from fire (right hand)
 y - an amulet of guardian spirit (around neck)
 I - a ring of fire
 L - a ring of flight (left hand)
 M - a +6 ring of dexterity
 O - a ring of protection from fire
 T - a ring of fire
Wands
 f - a wand of light (12)
 h - a wand of mindburst (6)
 D - a wand of polymorph (13)
 S - a wand of flame (23)
 Y - a wand of iceblast (19)
 Z - a wand of charming (3)
Scrolls
 b - 2 scrolls of blinking
 c - 2 scrolls of enchant armour
 i - 8 scrolls of poison
 r - 3 scrolls of noise
 v - 13 scrolls of identify
 z - 5 scrolls of fog
 C - a scroll of fear
 G - a scroll of silence
 P - 3 scrolls of teleportation
 R - 4 scrolls of enchant weapon
Potions
 a - 3 potions of haste
 d - 4 potions of heal wounds
 e - 2 potions of might
 j - 10 potions of curing
 n - 2 potions of flight
 w - a potion of cancellation
 E - a potion of berserk rage
 U - 2 potions of invisibility
 X - 2 potions of resistance


   Skills:
 + Level 15.8 Fighting
 + Level 15.8 Axes
 + Level 15.6 Armour
 + Level 14.4 Dodging
 + Level 13.9 Shields


You had 14 spell levels left.
You didn't know any spells.
Your spell library was empty.

Dungeon Overview and Level Annotations

Branches:
Dungeon (14/15)            Temple (0/1) D:6            Lair (5/5) D:9
  Swamp (1/4) Lair:3        Snake (0/4) Lair:2        Slime (0/5) Lair:5
    Orc (2/2) D:10            Elf (0/3) Orc:2        Vaults (0/5) D:13
  IceCv (visited)         Volcano (visited)

Altars:
Cheibriados
Elyvilon
Fedhas
Kikubaaqudgha
Qazlal
Ru
Sif Muna
Trog
Vehumet
Wu Jian
Zin

Shops:
D:1 !   D:10 **(   D:12 =   Orc:1 (   Orc:2 [[:*

Annotations:
Lair:3 1 runed translucent door, Luuwnalu's ghost, journeyman KoHu


Innate Abilities, Weirdness & Mutations

You have a pair of horns on your head.
You reflexively headbutt those who attack you in melee.


Message History

The 13-headed hydra bites you but does no damage.
The 13-headed hydra closely misses you.
The 13-headed hydra bites you but does no damage. x4
The 13-headed hydra bites you.
* * * LOW HITPOINT WARNING * * *
The 13-headed hydra completely misses you.
The 13-headed hydra misses you. The 13-headed hydra bites you!
* * * LOW HITPOINT WARNING * * *
The 13-headed hydra bites you but does no damage.
The 13-headed hydra barely misses you.
The 13-headed hydra bites you but does no damage.
The tyrant leech is engulfed in noxious fumes.
The tyrant leech appears confused.
The tyrant leech misses you.
Unknown command.
You're too confused to move!
You feel a strong urge to attack something.
Unknown command.
Unknown command.
You are no longer berserk.
You are exhausted.
You feel yourself slow down.
The tyrant leech looks more healthy.
The eight-headed hydra closely misses you.
The eight-headed hydra bites you but does no damage. x3
The eight-headed hydra completely misses you.
The eight-headed hydra bites you!
* * * LOW HITPOINT WARNING * * *
The eight-headed hydra bites you but does no damage. x2
Unknown command.
You hack one of the 13-headed hydra's heads off!
The 12-headed hydra grows two more!
You slice the 14-headed hydra!!
Your headbutt misses the 14-headed hydra.
The 14-headed hydra is severely wounded.
You closely miss the eight-headed hydra.
You feel less confused. You block the 14-headed hydra's attack.
The 14-headed hydra bites you!
* * * LOW HITPOINT WARNING * * *
You block the 14-headed hydra's attack.
The 14-headed hydra bites you but does no damage.
The 14-headed hydra bites you!
You die...

♣.~..~.....~...##..
♣♣..~.§.~.~~~......
♣♣~...§~....~§...~..
♣♣.~~♣~.~...~..~.~...
♣.~.♣♣....~..~§..~..~
♣♣.♣♣.§.§..~...~.....
♣♣♣.~...~....†.$~.§.
♣♣..~~..~DDw~~....
♣♣♣.♣♣§.@..♣..~.~
♣♣♣♣♣♣♣~♣♣ .♣♣§ ♣♣♣


You could see a 14-headed hydra, an eight-headed hydra and a tyrant leech
(confused).

Vanquished Creatures
  Jorgrun (Orc:2)
  Rupert (D:13)
  A frost giant (IceCv)
  Nessos (Lair:4)
  Snorg (D:11)
  2 fire dragons
  Josephine (D:11)
  Fannar (D:11)
  3 catoblepae
  8 hydras
  3 boulder beetles
  2 two-headed ogres
  A centaur warrior (D:13)
  An alligator (Swamp:1)
  An anaconda (Lair:5)
  11 death yaks
  A tengu warrior (D:13)
  7 orc high priests (Orc:2)
  Nergalle (D:11)
  A skyshark (Lair:5)
  Amaemon (D:11)
  A swamp dragon (Lair:5)
  2 lindwurms
  A deep elf pyromancer (D:13)
  An orc sorcerer (Orc:1)
  An oklob plant (Lair:5)
  An ugly thing (D:12)
  5 manticores
  4 cyclopes
  17 elephants
  An ice statue (IceCv)
  Maurice (Orc:1)
  3 slime creatures (D:12)
  A torpor snail (Lair:5)
  5 black mambas
  An orange demon (D:11)
  Maggie (D:7)
  4 unseen horrors
  7 cane toads
  8 rime drakes
  7 komodo dragons
  A kobold demonologist (D:11)
  A polar bear (shapeshifter) (D:13)
  14 polar bears
  A hornet (shapeshifter) (D:13)
  4 trolls
  2 hornets
  3 raiju (Lair:5)
  4 dream sheep (Lair:5)
  20 blink frogs
  Sigmund (D:5)
  6 wraiths
  5 wyverns
  52 yaks
  2 death yak simulacra (Lair:4)
  9 fire bats
  3 basilisks
  5 steam dragons
  11 vampire mosquitoes (D:12)
  12 wargs
  A swamp worm (Swamp:1)
  13 water moccasins
  2 nagas (Lair:2)
  14 hell hounds (Lair:5)
  An ice beast (D:7)
  11 orc warriors
  2 sky beasts (D:7)
  17 black bears
  4 swamp drakes
  29 wolves
  6 ogres
  7 centaurs
  2 phantoms
  4 kobold brigands
  4 scorpions
  12 bullfrogs
  3 cane toad simulacra (Lair:4)
  4 wights (D:6)
  14 killer bees
  An electric eel (Lair:3)
  6 howler monkeys
  5 hounds
  36 orc priests
  A jelly (D:3)
  Crazy Yiuf (D:7)
  A sleepcap (D:5)
  Ijyb (D:5)
  5 iguanas
  Natasha (thrice) (D:2)
  11 orc wizards
  4 gnolls (D:5)
  6 adders
  A shadow imp (D:5)
  An ufetubus (D:7)
  2 dart slugs
  68 orcs
  8 ball pythons
  5 bats
  9 endoplasms
  6 giant cockroaches
  5 hobgoblins
  4 jackals (D:4)
  5 quokkas
  A frilled lizard (D:2)
  5 goblins
  22 kobolds
  5 rats
  A bush (D:7)
657 creatures vanquished.

Vanquished Creatures (collateral kills)
  An orc warrior (D:9)
  A wolf (IceCv)
  2 orcs (D:9)
4 creatures vanquished.

Vanquished Creatures (others)
  A steam dragon (Lair:5)
  A bush (Lair:3)
  27 fungi
  48 plants
77 creatures vanquished.

Grand Total: 738 creatures vanquished

Notes
Turn   | Place    | Note
-------+----------+-------------------------------------------
     0 | D:1      | LLlMATKO the Minotaur Berserker began the quest for the
                  | Orb.
     0 | D:1      | Reached XP level 1. HP: 19/19 MP: 0/0
   116 | D:1      | Reached XP level 2. HP: 22/27 MP: 1/1
   252 | D:1      | Reached ** piety under Trog
   396 | D:1      | Reached XP level 3. HP: 31/33 MP: 2/2
   423 | D:1      | Found Hezxuwk's Distillery.
   499 | D:1      | Found a faded altar of an unknown god.
   574 | D:2      | Noticed Natasha
   583 | D:2      | Killed Natasha
   823 | D:2      | Reached XP level 4. HP: 40/40 MP: 3/3
   938 | D:2      | Noticed Natasha
   948 | D:2      | Killed Natasha
  1121 | D:2      | Found a glowing silver altar of Zin.
  1390 | D:2      | Noticed Natasha
  1393 | D:2      | Killed Natasha
  1472 | D:3      | Reached XP level 5. HP: 47/47 MP: 4/4
  1787 | D:3      | Reached *** piety under Trog
  2112 | D:4      | Noticed a phantom
  2126 | D:4      | Killed a phantom
  2127 | D:4      | Reached skill level 5 in Fighting
  2127 | D:4      | Reached skill level 5 in Axes
  2136 | D:4      | Reached XP level 6. HP: 50/56 MP: 5/5
  2390 | D:4      | Found an ornate altar of the Wu Jian Council.
  2436 | D:4      | Identified the +1 leather armour of Polish {+Inv}
  2782 | D:5      | Entered Level 5 of the Dungeon
  2962 | D:5      | Reached XP level 7. HP: 58/62 MP: 6/6
  2963 | D:5      | Reached skill level 5 in Armour
  3117 | D:5      | Noticed Sigmund
  3123 | D:5      | Killed Sigmund
  3124 | D:5      | Reached skill level 5 in Dodging
  3512 | D:5      | Noticed Ijyb
  3521 | D:5      | Killed Ijyb
  3932 | D:6      | Reached **** piety under Trog
  3933 | D:6      | Reached XP level 8. HP: 59/71 MP: 7/7
  4552 | D:6      | Found a staircase to the Ecumenical Temple.
  4785 | D:7      | Found a blossoming altar of Fedhas.
  4854 | D:7      | Reached XP level 9. HP: 81/81 MP: 5/8
  4920 | D:7      | Found a sacrificial altar of Ru.
  5040 | D:7      | Reached skill level 1 in Shields
  5065 | D:7      | Noticed Maggie
  5086 | D:7      | Killed Maggie
  5476 | D:7      | Found an ancient bone altar of Kikubaaqudgha.
  5494 | D:7      | Found a shimmering blue altar of Sif Muna.
  5643 | D:7      | Found a radiant altar of Vehumet.
  5695 | D:7      | Found a runed translucent door.
  5696 | D:7      | Noticed Crazy Yiuf
  5771 | D:7      | Killed Crazy Yiuf
  5845 | D:8      | Found a bloodstained altar of Trog.
  6315 | D:8      | Reached XP level 10. HP: 88/91 MP: 9/9
  6947 | D:9      | Noticed an elephant
  6961 | D:9      | Killed an elephant
  6962 | D:9      | Reached skill level 5 in Shields
  7033 | D:9      | Found a staircase to the Lair.
  7539 | D:9      | Noticed a manticore
  7551 | D:9      | Killed a manticore
  7861 | D:9      | Reached skill level 10 in Fighting
  7861 | D:9      | Reached skill level 10 in Axes
  8039 | D:10     | Entered Level 10 of the Dungeon
  8039 | D:10     | Found a staircase to the Orcish Mines.
  8145 | D:10     | Found a snail-covered altar of Cheibriados.
  8163 | D:10     | Found Roscherph's Weapon Shop.
  8374 | D:10     | Reached ***** piety under Trog
  8428 | D:10     | Found a white marble altar of Elyvilon.
  8459 | D:10     | Reached XP level 11. HP: 41/101 MP: 2/10
  8689 | D:10     | Reached skill level 10 in Armour
  9010 | D:10     | Found Kiddesha's Specific Store.
  9012 | D:10     | Found Tockiet's General Store.
  9141 | Lair:1   | Entered Level 1 of the Lair of Beasts
  9178 | Lair:1   | Found a dark tunnel.
  9189 | Volcano  | Entered a volcano
  9220 | Volcano  | Noticed a fire dragon
  9243 | Volcano  | Killed a fire dragon
  9577 | Volcano  | Noticed a lindwurm
  9590 | Volcano  | Killed a lindwurm
  9679 | Lair:1   | Received a gift from Trog
  9738 | Lair:1   | Found a stormy altar of Qazlal.
 10259 | Lair:2   | Reached skill level 10 in Dodging
 10478 | Lair:2   | Noticed a five-headed hydra
 10488 | Lair:2   | Killed a two-headed hydra
 10611 | Lair:2   | Found a staircase to the Snake Pit.
 10759 | Lair:2   | Noticed a boulder beetle
 11131 | Lair:2   | Killed a boulder beetle
 11132 | Lair:2   | Reached XP level 12. HP: 39/110 MP: 3/11
 11481 | Lair:3   | Found the +11 plutonium sword {Contam Stlth-}
 11664 | Lair:3   | Found a staircase to the Swamp.
 11756 | Lair:3   | Noticed a catoblepas
 11768 | Lair:3   | Killed a catoblepas
 11797 | Lair:3   | Noticed a catoblepas
 11807 | Lair:3   | Killed a catoblepas
 12628 | Lair:3   | Found a runed translucent door.
 12630 | Lair:3   | Noticed Luuwnalu's ghost (journeyman KoHu)
 12716 | Lair:3   | Identified the +1 spear of Ruriexeh {venom, rPois rC+
                  | Dex+5}
 13205 | Lair:4   | Noticed a four-headed hydra
 13213 | Lair:4   | Killed a one-headed hydra
 13214 | Lair:4   | Reached skill level 10 in Shields
 13225 | Lair:4   | Noticed Nessos
 13435 | Lair:4   | Killed Nessos
 13452 | Lair:4   | Reached XP level 13. HP: 98/119 MP: 7/12
 13580 | Lair:4   | Found a frozen archway.
 13613 | IceCv    | Entered an ice cave
 14140 | IceCv    | Noticed a frost giant
 14155 | IceCv    | Killed a frost giant
 15430 | Lair:4   | Identified the +0 pair of boots of Grottiness {*Corrode
                  | rPois Int+5}
 15747 | Lair:5   | Entered Level 5 of the Lair of Beasts
 16071 | Lair:5   | Reached XP level 14. HP: 132/132 MP: 13/13
 17021 | Lair:5   | Identified the +9 mace of Obsession {flame, rF- Str+3
                  | Int+3}
 17743 | Lair:5   | Reached ****** piety under Trog
 17892 | Lair:5   | Found a staircase to the Slime Pits.
 18426 | Lair:5   | Identified the +6 hand axe of the Fray {venom, rF+ rC+}
 18838 | D:11     | Noticed Fannar
 18848 | D:11     | Killed Fannar
 18881 | D:11     | Noticed Amaemon
 18893 | D:11     | Killed Amaemon
 18894 | D:11     | Noticed Josephine
 18904 | D:11     | Killed Josephine
 18910 | D:11     | Received a gift from Trog
 19031 | D:11     | Noticed Snorg
 19044 | D:11     | Killed Snorg
 19192 | D:11     | Reached skill level 15 in Fighting
 19426 | D:11     | Reached skill level 15 in Axes
 19602 | D:11     | Noticed Nergalle
 19610 | D:11     | Killed Nergalle
 20522 | D:12     | Reached XP level 15. HP: 136/141 MP: 12/14
 20799 | D:12     | Reached skill level 15 in Armour
 21000 | D:12     | Found Ekiot's Jewellery Emporium.
 21338 | Orc:1    | Entered Level 1 of the Orcish Mines
 21415 | Orc:1    | Noticed Maurice
 21419 | Orc:1    | Killed Maurice
 21671 | Orc:1    | Found Tyanour's Weapon Shoppe.
 21701 | Orc:2    | Entered Level 2 of the Orcish Mines
 21703 | Orc:2    | Found a staircase to the Elven Halls.
 21725 | Orc:2    | Received a gift from Trog
 22707 | Orc:2    | Found Zuniwar's Book Boutique.
 22892 | Orc:2    | Noticed Jorgrun
 23183 | Orc:2    | Found Ruethael's Armour Boutique.
 23291 | Orc:2    | Bought the +0 kite shield of Dyspraxia {Rampage Will+++
                  | Dex+6} for 833 gold pieces
 23306 | Orc:2    | Found Okhesuikh's Antique Armour Emporium.
 23414 | Orc:2    | Found Xuopacex's General Store.
 23614 | Orc:2    | Killed Jorgrun
 23803 | Orc:2    | Found Okhesuikh's Antique Armour Emporium.
 23803 | Orc:2    | Found Ruethael's Armour Boutique.
 23845 | Orc:2    | Found Xuopacex's General Store.
 23845 | Orc:2    | Found Zuniwar's Book Boutique.
 23956 | Orc:2    | Found a staircase to the Elven Halls.
 24577 | D:13     | Noticed Rupert
 24583 | D:13     | Killed Rupert
 24784 | D:13     | Found a gate to the Vaults.
 25207 | Swamp:1  | Entered Level 1 of the Swamp
 25285 | Swamp:1  | HP: 7/143 [eight-headed hydra (9)]
 25286 | Swamp:1  | HP: 3/143 [14-headed hydra (5)]
 25286 | Swamp:1  | Mangled by a 14-headed hydra

Illustrated notes

Levels and vault maps discovered:
D:1:      erik_arrival_blinker_ship, layout_rooms,
          shapermc_ecumenical_altar_mp_vishouse, serial_shops,
          nicolae_shop_industrial_runoff
D:2:      layout_basic, basic_altar, uniq_natasha
D:3:      layout_loops_ring, kennysheep_big_empty_room,
          nicolae_concentric_dashed_squares_mild
D:4:      layout_basic, nzn_wu_jian_council_hall
D:5:      layout_loops_corners, uniq_ijyb, uniq_sigmund
D:6:      layout_loops_cross, minmay_temple_entry_nine_rooms
D:7:      layout_rooms, nicolae_vehumet_radiance, fedhas_bush_and_centaur_altar,
          pf_just_have_faith, lemuel_tele_altar, led_sif_pool, uniq_maggie,
          uniq_crazy_yiuf_cottage
D:8:      layout_gridville, trog_ov_bears_minmay
D:9:      layout_stronghold, david_lair_generic
D:10:     layout_irregular_city, mainiacjoe_overflow_small_starburst,
          mainiacjoe_overflow_six_doors_small, david_orc_2, serial_shops, shop,
          nicolae_specific_store
D:11:     layout_big_octagon, uniq_nergalle, uniq_fannar, uniq_josephine,
          uniq_amaemon, uniq_snorg
D:12:     layout_roguey, serial_shops, nicolae_shop_waterfront
D:13:     kennysheep_blocky_hall, layout_cave_pools, david_vaults_4,
          patterned_corridor, uniq_rupert
D:14:     layout_rooms, nicolae_titane, uniq_agnes, uniq_roxanne
Lair:1:   layout_chaotic_city, basic_altar, nicolae_volcano_entry_batcave
Lair:2:   layout_cave_pods, guppyfry_snake_entry_island
Lair:3:   layout_concentric_octagons, swamp_mist_pool,
          ebering_ghost_funeral_grove, grunt_forest_small_clearings,
          serial_bayou_shore_a
Lair:4:   layout_small_grid, portal_ice_cave_entry_ice_simulacra,
          beast_lair_carwin_11, grunt_megastairs_4, uniq_nessos
Lair:5:   hangedman_lair_caniforms_friends, layout_gridlike,
          guppyfry_lair_end_dragon, slime_entry_1, guppyfry_lair_drakes,
          serial_bayou_shore_b
Swamp:1:  layout_falls_marsh, serial_swamp_ruin, evilmike_swamp_ruin_rubble_2,
          hangedman_swamp_ruin_wall, swamp_pool1, hangedman_swamp_wriggling,
          infiniplex_staircase_pool_2
Orc:1:    layout_diamond_mine, serial_shops, nicolae_shop_bloodbath_and_beyond,
          uniq_maurice
Orc:2:    st_orc_town, layout_caves, basic_altar, uniq_jorgrun

Skill      XL: |  1  2  3  4  5  6  7  8  9 10 11 12 13 14 15 |
---------------+----------------------------------------------+-----
Fighting       | 4 5 6 7 9 10 11 12 14 15 | 15.8
Axes           | 4 5 6 7 9 10 11 12 14 15 | 15.8
Armour         | 3 4 6 7 8 9 11 12 13 14 15 | 15.6
Dodging        | 3 4 5 6 8 9 10 11 12 13 14 | 14.4
Shields        | 4 6 8 10 11 13 | 13.9

Action                     |  1- 3 |  4- 6 |  7- 9 | 10-12 | 13-15 || total
---------------------------+-------+-------+-------+-------+-------++-------
  Melee: Hand axe          |    40 |       |       |       |       ||    40
         Headbutt          |    10 |    13 |    57 |    88 |   180 ||   348
         War axe           |    21 |   108 |   287 |   210 |   245 ||   871
         Punch             |       |     1 |     3 |       |       ||     4
         Broad axe         |       |       |       |   228 |   614 ||   842
  Throw: Dart              |       |       |       |    19 |    31 ||    50
 Invoke: Berserk           |       |     2 |     3 |     7 |    15 ||    27
         Trog's Hand       |       |       |       |     2 |     3 ||     5
         Brothers in Arms  |       |       |       |     1 |     1 ||     2
    Use: Scroll            |       |       |       |    10 |    23 ||    33
   Stab: Sleeping          |     1 |     1 |       |       |     2 ||     4
         Petrified         |       |       |       |     5 |     4 ||     9
 Armour: Animal skin       |    18 |    28 |       |       |       ||    46
         Leather armour    |       |     1 |    26 |       |       ||    27
         Ring mail         |       |       |    64 |       |       ||    64
         Swamp dragon scal |       |       |    43 |   232 |   294 ||   569
         Plate armour      |       |       |       |       |   100 ||   100
  Dodge: Dodged            |    39 |    86 |   178 |   322 |   549 ||  1174
  Block: Buckler           |       |       |    24 |   133 |   171 ||   328
         Kite shield       |       |       |       |       |   179 ||   179
